 Dungeon Crawl Stone Soup version 0.23-a0-455-ge12115f (webtiles) character file.

5888 smcx the Fighter (level 10, -7/96 HPs)
             Began as a Minotaur Berserker on Nov 24, 2018.
             Was an Elder of Trog.
             Mangled by an ogre
             ... wielding a +0 giant spiked club
              (10 damage)
             ... on level 10 of the Dungeon on Apr 30, 2019.
             The game lasted 00:56:08 (10496 turns).

smcx the Fighter (Minotaur Berserker)              Turns: 10496, Time: 00:56:08

Health: -7/96      AC: 21    Str: 27    XL:     10   Next: 52%
Magic:  9/9        EV:  8    Int:  0    God:    Trog [****..]
Gold:   252        SH:  6    Dex: 10    Spells: 9/9 levels left

rFire    . . .     SeeInvis .   b - +2 mace (crush)
rCold    . . .     Gourm    .   v - +0 buckler
rNeg     + + +     Faith    .   C - +0 plate armour
rPois    .         Spirit   .   (helmet restricted)
rElec    +         Reflect  +   t - +2 cloak {+Inv}
rCorr    .         Harm     .   p - +0 pair of gloves of the Trombone {rElec rN++ Str+2 Int-4} (curse)
MR       .....                  z - +0 pair of boots
Stlth    ..........             P - +2 amulet of reflection
HPRegen  0.26/turn              (no ring)
MPRegen  0.11/turn              i - ring of positive energy

@: slowed, lost intelligence, very slow
A: retaliatory headbutt, horns 2
a: Berserk, Trog's Hand, Brothers in Arms, Renounce Religion, Evoke Invisibility


You were on level 10 of the Dungeon.
You worshipped Trog.
Trog was greatly pleased with you.
You were not hungry.

You visited 2 branches of the dungeon, and saw 11 of its levels.
You also visited: Sewer.

You collected 491 gold pieces.
You spent 239 gold pieces at shops.

Inventory:

Hand Weapons
 a - a +1 spear of flaming
 b - a +2 mace of crushing (weapon)
 w - a +1 hunting sling of freezing
 M - a +2 rapier of venom
Missiles
 k - 108 sling bullets
 B - a throwing net (quivered)
Armour
 m - a +1 pair of gloves
 p - the cursed +0 pair of gloves of the Trombone (worn) {rElec rN++ Str+2 Int-4}
   (You bought it in a shop on level 5 of the Dungeon)

   It affects your strength (+2).
   It affects your intelligence (-4).
   It insulates you from electricity.
   It greatly protects you from negative energy.
   It has a curse placed upon it.
 s - a scarf of cloud immunity
 t - a +2 cloak of invisibility (worn)
 v - a +0 buckler (worn)
 y - a +0 chain mail
 z - a +0 pair of boots (worn)
 C - a +0 plate armour (worn)
Jewellery
 i - a ring of positive energy (right hand)
 H - an uncursed ring of ice
 P - a +2 amulet of reflection (around neck)
 Q - an uncursed ring of magical power
Wands
 N - a wand of digging (7)
 O - a wand of random effects (16)
 S - a wand of polymorph (8)
 T - a wand of scattershot (5)
Scrolls
 d - a scroll of teleportation
 e - 3 scrolls of enchant armour
 f - 10 scrolls of identify
 g - a scroll of torment {unknown}
 j - 2 scrolls of fear
 l - 4 scrolls of remove curse {unknown}
 n - a scroll of fog {unknown}
 r - 2 scrolls of magic mapping {unknown}
 u - 2 scrolls of holy word {unknown}
 A - a scroll of amnesia {unknown}
 G - a scroll of acquirement {unknown}
 J - a scroll of random uselessness {unknown}
 L - a scroll of immolation {unknown}
 U - a scroll of enchant weapon {unknown}
 X - a scroll of vulnerability {unknown}
Potions
 h - 3 potions of lignification {unknown}
 o - a potion of ambrosia {unknown}
 q - a potion of might
 x - 3 potions of flight
 D - a potion of heal wounds
 E - 4 potions of curing
 F - a potion of invisibility {unknown}
 I - 4 potions of degeneration {unknown}
 K - a potion of haste {unknown}
 R - a potion of mutation {unknown}
Miscellaneous
 W - a crystal ball of energy
Comestibles
 c - 14 rations


   Skills:
 + Level 11.2 Fighting
   Level 5.0(8.1) Axes
 + Level 10.0(10.5) Maces & Flails
 + Level 10.8 Armour
 - Level 2.3 Dodging
 - Level 4.0 Shields


You had 9 spell levels left.
You didn't know any spells.
Your spell library was empty.

Dungeon Overview and Level Annotations

Branches:
Dungeon (10/15)            Temple (1/1) D:5
   Lair: D:8-11         Orc: D:9-12

Altars:
Ashenzari
Cheibriados
Dithmenos
Elyvilon
Fedhas
Gozag
Hepliaklqana
Kikubaaqudgha
Makhleb
Nemelex Xobeh
Okawaru
Qazlal
Ru
Sif Muna
Trog
Uskayaw
Vehumet
Wu Jian
Xom
Yredelemnul
Zin
The Shining One
Lugonu

Shops:
D:5 :[[[%

Annotations:
D:7 Harold
D:10 1 runed door


Innate Abilities, Weirdness & Mutations

You reflexively headbutt those who attack you in melee.
You have a pair of horns on your head.


Message History

* * * LOW HITPOINT WARNING * * *
The two-headed ogre hits you with a +0 giant club!
* * * LOW HITPOINT WARNING * * *
The two-headed ogre hits you but does no damage.
An ice beast comes into view.
As you read the scroll of teleportation, it crumbles to dust.
You feel strangely unstable. The two-headed ogre barely misses you.
You furiously retaliate!
You headbutt the two-headed ogre, but do no damage.
The two-headed ogre hits you but does no damage. x2
The two-headed ogre hits you with a +0 giant spiked club!
* * * LOW HITPOINT WARNING * * *
An adder skeleton comes into view.
Your surroundings suddenly seem different.
An ogre comes into view. It is wielding a +0 giant spiked club.
The ogre shouts!
You hear a shout!
You block the ogre's attack.
An orc comes into view. It is wielding a +0 dagger.
The ogre hits you with a +0 giant spiked club!
You die...

##########################
...........................
.............<.............
(..........................
.(.....................o...
.)..............@O.........
................[..........
...........................
...........................
.............>.............
#########.#######.#########
#.# ### #.# #.+


You could see an ogre and an orc.

Vanquished Creatures
  An unseen horror (D:9)
  Pikel (D:6)
  A gargoyle (D:10)
  2 trolls (D:9)
  Grinder (D:6)
  4 fire bats (D:9)
  A hell hound (D:9)
  A phantom (D:5)
  An orc warrior (D:9)
  2 ogres
  9 centaurs
  2 big kobolds
  4 bullfrogs
  5 scorpions
  3 killer bees (D:9)
  2 howler monkeys
  5 crimson imps
  A bullfrog zombie (D:9)
  2 lava snakes (D:9)
  A quasit (D:9)
  Crazy Yiuf (D:6)
  3 jellies
  6 orc priests
  5 hounds
  3 orc wizards
  Natasha (thrice) (D:2)
  An iguana (D:6)
  Ijyb (D:3)
  6 worker ants
  2 hound skeletons
  A worker ant zombie (D:4)
  9 adders
  2 river rats (Sewer)
  A shadow imp (D:9)
  An ooze (D:5)
  2 adder skeletons
  5 worms
  2 dart slugs
  5 leopard geckos
  29 orcs
  5 bats
  7 giant cockroaches
  6 goblins
  7 hobgoblins
  25 jackals
  17 kobolds
  3 quokkas
  3 ball pythons
  3 frilled lizards
  8 rats
  2 fungi (D:6)
223 creatures vanquished.

Vanquished Creatures (others)
  4 slaves (D:6)
  An ogre (D:6)
  A jelly (D:6)
  A worker ant (D:2)
  A frilled lizard (D:2)
  A fire vortex (D:9)
9 creatures vanquished.

Grand Total: 232 creatures vanquished

Notes
Turn   | Place    | Note
-------+----------+-------------------------------------------
     0 | D:1      | smcx the Minotaur Berserker began the quest for the Orb.
     0 | D:1      | Reached XP level 1. HP: 19/19 MP: 0/0
   203 | D:1      | Reached XP level 2. HP: 23/27 MP: 1/1
   713 | D:1      | Reached skill level 4 in Fighting
   918 | D:1      | Reached XP level 3. HP: 22/33 MP: 2/2
  1529 | D:2      | Reached ** piety under Trog
  1542 | D:2      | Found a shattered altar of Ashenzari.
  1633 | D:2      | Found a shadowy altar of Dithmenos.
  1721 | D:2      | Noticed Natasha
  1725 | D:2      | Killed Natasha
  1725 | D:2      | Reached XP level 4. HP: 41/41 MP: 3/3
  1959 | D:2      | Found a radiant altar of Vehumet.
  2094 | D:2      | Noticed Natasha
  2105 | D:2      | Killed Natasha
  2417 | D:2      | Noticed Natasha
  2422 | D:2      | Killed Natasha
  2422 | D:2      | Reached XP level 5. HP: 47/47 MP: 4/4
  2648 | D:3      | Reached skill level 5 in Fighting
  2924 | D:3      | Reached skill level 5 in Axes
  3188 | D:3      | Noticed Ijyb
  3215 | D:3      | Killed Ijyb
  3661 | D:4      | Reached skill level 1 in Maces & Flails
  3661 | D:4      | Reached skill level 1 in Shields
  3781 | D:4      | Found a glowing drain.
  3794 | Sewer    | Entered a sewer
  3809 | Sewer    | Reached XP level 6. HP: 38/56 MP: 5/5
  3963 | Sewer    | Reached *** piety under Trog
  4016 | Sewer    | Found a white marble altar of Elyvilon.
  4178 | D:4      | Found a bloodstained altar of Trog.
  4330 | D:4      | Reached skill level 5 in Armour
  4368 | D:4      | Reached XP level 7. HP: 62/62 MP: 6/6
  4381 | D:4      | Reached skill level 6 in Fighting
  4429 | D:5      | Entered Level 5 of the Dungeon
  4521 | D:5      | Found Ugikubeg's Book Shop.
  4540 | D:5      | Found Rocuu's Antique Armour Shoppe.
  4540 | D:5      | Found Raemypn's Armour Boutique.
  4649 | D:5      | Received a gift from Trog
  4701 | D:5      | Found a blossoming altar of Fedhas.
  4738 | D:5      | Found a staircase to the Ecumenical Temple.
  4883 | Temple   | Entered the Ecumenical Temple
  5264 | D:5      | Found Wauxzel's Armour Emporium.
  5289 | D:5      | Found Hewn's Food Emporium.
  5371 | D:5      | Reached XP level 8. HP: 67/71 MP: 7/7
  5388 | D:5      | Reached skill level 7 in Fighting
  5513 | D:5      | Reached **** piety under Trog
  5513 | D:5      | Reached skill level 5 in Maces & Flails
  5696 | D:6      | Noticed Grinder
  5723 | D:6      | Noticed Pikel
  5747 | D:6      | Killed Pikel
  5747 | D:6      | Reached skill level 8 in Fighting
  5974 | D:5      | Bought the cursed +0 pair of gloves of the Trombone {rElec
                  | rN++ Str+2 Int-4} for 239 gold pieces
  5984 | D:5      | Lost intelligence.
  6115 | D:6      | Found an opulent altar of Gozag.
  6115 | D:6      | Found a white marble altar of Elyvilon.
  6121 | D:6      | Found an ornate altar of the Wu Jian Council.
  6121 | D:6      | Found a glowing silver altar of Zin.
  6131 | D:6      | Paralysed by Grinder for 6 turns
  6139 | D:6      | Paralysed by Grinder for 5 turns
  6152 | D:6      | Killed Grinder
  6152 | D:6      | Reached XP level 9. HP: 79/82 MP: 8/8
  6564 | D:6      | Found a hazy altar of Hepliaklqana.
  6871 | D:6      | Found a runed door.
  6875 | D:6      | Noticed Crazy Yiuf
  6879 | D:6      | Killed Crazy Yiuf
  7282 | D:7      | Noticed Harold
  8126 | D:7      | Reached skill level 9 in Fighting
  8317 | D:8      | Found a deep blue altar of Sif Muna.
  9136 | D:9      | Found a sparkling altar of Nemelex Xobeh.
  9185 | D:9      | Killed an unseen horror
  9185 | D:9      | Reached skill level 10 in Fighting
  9227 | D:9      | Found a glowing golden altar of the Shining One.
  9404 | D:9      | Reached XP level 10. HP: 93/93 MP: 9/9
  9411 | D:9      | Found an ancient bone altar of Kikubaaqudgha.
  9431 | D:9      | Reached skill level 10 in Armour
  9459 | D:9      | Found a basalt altar of Yredelemnul.
  9938 | D:9      | Reached skill level 11 in Fighting
  9979 | D:10     | Entered Level 10 of the Dungeon
 10089 | D:10     | Noticed a gargoyle
 10093 | D:10     | Found a runed door.
 10375 | D:10     | Killed a gargoyle
 10375 | D:10     | Reached skill level 10 in Maces & Flails
 10478 | D:10     | Noticed a two-headed ogre
 10491 | D:10     | HP: 1/96 [two-headed ogre/+0 giant club (16)]
 10496 | D:10     | Mangled by an ogre

Vault maps used:
D:1:      scummos_arrival_checkerplants, minmay_misc_feat_square,
          chequers_arboretum
D:2:      nicolae_dithmenos_shadow_blocks, nicolae_ashenzari_panopticon,
          fiery_altar_vehumet, uniq_natasha
D:3:      minmay_cut_off, uniq_ijyb
D:4:      nicolae_overflow_crystal_walls, cheibrodos_sewer_entry_sluice,
          first_ration
D:5:      minmay_diamond_boxcup, kennysheep_little_box,
          minmay_temple_entry_arrows, serial_shops, shop, shop, kennysheep_mini,
          shop, nicolae_shop_stone
D:6:      lemuel_round_altar, grunt_temple_overflow_open, uniq_eustachio,
          uniq_pikel, uniq_grinder, uniq_crazy_yiuf_cottage
D:7:      grunt_ogre_cave, nicolae_water_bricks, uniq_harold
D:8:      lemuel_round_altar, patterned_corridor
D:9:      lemuel_doored_altar, lemuel_round_altar, yredelemnul_altar_generic,
          old_standard_altar, minmay_misc_feat_rugged, minmay_misc_feat_rows,
          hangedman_incinerator
D:10:     hiddenorc1_lemuel, muffindrake_ghost_dual_entry
Temple:   corrupted_temple
Sewer:    sewer_kobolds

Skill      XL: |  1  2  3  4  5  6  7  8  9 10 |
---------------+-------------------------------+-----
Fighting       | 4 5 6 8 10 11 | 11.2
Axes           | 4 5 |  5.0
Armour         | 3 4 5 6 8 9 10 | 10.8
Maces & Flails | 1 2 4 6 8 10 | 10.0
Shields        | 1 2 4 |  4.0
Dodging        | |  2.3

Action                   |  1- 3 |  4- 6 |  7- 9 | 10-12 || total
-------------------------+-------+-------+-------+-------++-------
Melee: Hand axe          |    89 |    37 |       |       ||   126
       Headbutt          |    11 |    21 |    55 |    17 ||   104
       Mace              |       |   116 |   276 |   103 ||   495
 Fire: Hunting sling     |     5 |     6 |       |       ||    11
Invok: Berserk           |     1 |     4 |     7 |     1 ||    13
       Trog's Hand       |       |       |     1 |       ||     1
       Brothers in Arms  |       |       |       |     1 ||     1
  Use: Scroll            |       |     4 |     8 |     2 ||    14
       Potion            |       |     2 |     3 |     1 ||     6
  Eat: Chunk             |     3 |     5 |    14 |       ||    22
       Ration            |       |     2 |     5 |     2 ||     9
Armor: Animal skin       |    10 |     5 |       |       ||    15
       Chain mail        |       |    68 |   102 |       ||   170
       Scale mail        |       |    12 |       |       ||    12
       Plate armour      |       |       |    88 |   103 ||   191
Dodge: Dodged            |    49 |    71 |   141 |    63 ||   324
Block: Buckler           |       |    12 |    61 |    60 ||   133
       Reflection        |       |       |     5 |     6 ||    11

Table legend:
 A = Non-vault XP
 B = Vault XP
 C = Vault XP percentage of total XP
 D = Non-vault monster count
 E = Vault monster count
 F = Vault count percentage of total count
                 A         B        C        D         E       F
            +---------+---------+-------+---------+---------+-------
      Total |    5973 |    2439 |  29.0 |     186 |      35 |  15.8
            +---------+---------+-------+---------+---------+-------
        D:1 |      44 |       0 |   0.0 |      25 |       0 |   0.0
        D:2 |     119 |      37 |  23.7 |      23 |       1 |   4.2
        D:3 |      36 |      53 |  59.6 |      13 |       4 |  23.5
        D:4 |     321 |       7 |   2.1 |      20 |       2 |   9.1
        D:5 |     956 |      48 |   4.8 |      26 |       4 |  13.3
        D:6 |     358 |     999 |  73.6 |      18 |       3 |  14.3
        D:7 |     115 |     125 |  52.1 |       9 |       1 |  10.0
        D:8 |     580 |       0 |   0.0 |      11 |       0 |   0.0
        D:9 |    2728 |    1032 |  27.4 |      32 |       7 |  17.9
       D:10 |     716 |       0 |   0.0 |       9 |       0 |   0.0
      Sewer |       0 |     138 | 100.0 |       0 |      13 | 100.0
            +---------+---------+-------+---------+---------+-------
